 Dungeon Crawl Stone Soup version 0.28-a0-1236-gb25a51b929 (webtiles) character file.

Game seed: 3015188459030591677

52 Zonian the Gusty (level 3, -1/19 HPs)
             Began as a Tengu Air Elementalist on Dec 25, 2021.
             Was a Believer of Vehumet.
             Slain by Terence (7 damage)
             ... on level 2 of the Dungeon.
             The game lasted 00:04:09 (2275 turns).

Zonian the Gusty (Tengu Air Elementalist)           Turns: 2275, Time: 00:04:10

Health: -1/19      AC:  6    Str: 10    XL:     3   Next: 85%
Magic:  1/7        EV: 12    Int: 15    God:    Vehumet [**....]
Gold:   67         SH:  0    Dex: 14    Spells: 0/6 levels left

rFire   . . .      SeeInvis .   j - staff of air
rCold   . . .      Faith    .   (no shield)
rNeg    . . .      Spirit   .   a - +0 robe
rPois   .          Reflect  .   (helmet restricted)
rElec   +          Harm     .   (no cloak)
rCorr   .          Rampage  .   (no gloves)
Will    .....                   (boots unavailable)
Stlth   ++........              (no amulet)
HPRegen 0.06/turn               g - +4 ring of protection
MPRegen 0.10/turn               (no ring)

@: mighty, attractive, flying
A: beak, talons 3
a: Renounce Religion


You were on level 2 of the Dungeon.
You worshipped Vehumet.
Vehumet was pleased with you.
You visited 1 branch of the dungeon, and saw 2 of its levels.

You collected 100 gold pieces.
You spent 33 gold pieces at shops.

Inventory:

Hand Weapons
 c - a +0 dagger
 d - a +0 short sword
Armour
 a - a +0 robe (worn)
Magical Staves
 j - a staff of air (weapon)
Jewellery
 g - a +4 ring of protection (left hand)
Scrolls
 h - 2 scrolls of noise
Potions
 i - 2 potions of curing


   Skills:
 + Level 2.7 Dodging
 + Level 2.6 Stealth
 + Level 2.4 Spellcasting
 + Level 2.3 Conjurations
 + Level 4.5 Air Magic


You couldn't memorise any spells.
You knew the following spells:

 Your Spells              Type           Power      Damage    Failure   Level
a - Shock                 Conj/Air       72%        1d7       5%          1
b - Static Discharge      Conj/Air       18%        N/A       8%          2
c - Swiftness             Air            23%        N/A       10%         3

Your spell library contained the following spells:

 Spells                   Type           Power      Damage    Failure   Level
 Magic Dart               Conj           32%        1d4       9%          1
 Airstrike                Air            11%        N/A       32%         4


Dungeon Overview and Level Annotations

Branches:
Dungeon (2/15)

Altars:
Vehumet

Shops:
D:2 !

Annotations:
D:2 Terence


Innate Abilities, Weirdness & Mutations

You have a beak for a mouth.
You have claws for feet.


Message History

You feel a surge of power!
The zap hits Terence but does no damage.
Terence hits you with a +0 mace.
You feel a surge of power!
The zap hits Terence.
Terence is lightly wounded.
Terence says, "Rest in peace."
Terence closely misses you.
You are too depleted to draw on your mana recklessly!
Unknown command.
Okay, then.
It was a potion of attraction.
You feel attractive to monsters. Terence hits you with a +0 mace.
It was a potion of flight.
You feel very buoyant.
You fly up into the air.
Terence hits you but does no damage.
It was a potion of might.
You feel very mighty all of a sudden. Terence barely misses you.
It was a potion of heal wounds.
You feel much better. Terence hits you with a +0 mace.
You hit Terence. Your kick misses Terence.
Terence is moderately wounded.
Terence hits you with a +0 mace.
You barely miss Terence.
Terence is moderately wounded.
Terence closely misses you. x2
You barely miss Terence. You peck Terence.
Terence is heavily wounded.
Terence hits you with a +0 mace.
You hit Terence. Your kick misses Terence. You peck Terence, but do no damage.
Terence is severely wounded.
Terence barely misses you.
You hit Terence but do no damage. Your kick misses Terence.
Terence is severely wounded.
Terence barely misses you.
You barely miss Terence. You peck Terence.
Terence is almost dead.
Terence hits you with a +0 mace!
You die...

*,,,,,>* #**...#....####.....
*,,,,*#####.,,#.#....##.......
*,,,,,..#...#*#.#.#..##.####..
*,,,,,....)..##.#.........<...
*,,,,,........#.#.∩.#######.#.
*,,,,,..........#...# ##...
***,,,............#.######..##
**,,......................##
**,,,#....@...#########.###
******##.#@.#### ###..# #
*,,,,,,.....# ##...####
*,,,,...!..#########..#####.
*,,,.......*#.<.......# #..
*,,,..(....##.........# #..
*,,,..................####..
*,,,.......#................
*,,,,,,...,##.........#####.


You could see Terence.

Vanquished Creatures
  An adder (D:2)
  2 worms (D:2)
  3 bats (D:1)
  7 endoplasms
  A giant cockroach (D:2)
  4 goblins
  3 hobgoblins (D:1)
  2 kobolds (D:1)
  4 quokkas
  2 frilled lizards (D:1)
  5 rats
34 creatures vanquished.

Notes
Turn   | Place    | Note
-------+----------+-------------------------------------------
     0 | D:1      | Zonian the Tengu Air Elementalist began the quest for the
                  | Orb.
     0 | D:1      | Reached XP level 1. HP: 10/10 MP: 4/4
   371 | D:1      | Reached XP level 2. HP: 15/15 MP: 0/6
   501 | D:1      | Learned a level 2 spell: Static Discharge
   528 | D:1      | Found a faded altar of an unknown god.
   536 | D:1      | Prayed at the altar of an unknown god.
   536 | D:1      | Became a worshipper of Vehumet
   536 | D:1      | Reached * piety under Vehumet
   536 | D:1      | Offered knowledge of Foxfire by Vehumet.
  1475 | D:2      | Reached XP level 3. HP: 19/19 MP: 5/7
  1551 | D:2      | Found Aguryiz's Distillery.
  1690 | D:2      | Bought a potion of curing for 33 gold pieces
  1984 | D:2      | Reached ** piety under Vehumet
  1987 | D:2      | Offered knowledge of Magic Dart by Vehumet.
  1997 | D:2      | Learned a level 3 spell: Swiftness
  2258 | D:2      | Noticed Terence
  2275 | D:2      | Slain by Terence

Illustrated notes

Levels and vault maps discovered:
D:1:      psy_arrival_basics, layout_loops_ring,
          hellmonk_ecumenical_altar_slurped_away
D:2:      layout_rooms, serial_shops, nicolae_shop_stone, uniq_terence

Skill      XL: |  1  2 |
---------------+-------+-----
Conjurations   | 2 |  2.3
Dodging        | |  2.7
Stealth        | |  2.6
Spellcasting   | |  2.4
Air Magic      | |  4.5

Action                   || total
-------------------------++-------
Melee: Dagger            ||     2
       Unarmed           ||     1
       Kick              ||     1
       Short sword       ||     1
       Staff             ||     6
       Peck              ||     3
 Cast: Shock             ||    84
  Use: Scroll            ||     4
       Potion            ||     4
Armor: Robe              ||    15
Dodge: Dodged            ||    23

Table legend: (Time is in decaauts)
 A = Elapsed time spent in this place.
 B = Non-inter-level travel time spent in this place.
 C = Inter-level travel time spent in this place.
 D = Time resting spent in this place.
 E = Time spent auto-exploring this place.
 F = Levels seen in this place.
 G = Mean time per level.
                   A        B        C        D        E       F      G
               +--------+--------+--------+--------+--------+-----+--------+
         Total |   2273 |   2245 |     28 |    720 |   1263 |   2 | 1136.5 |
       Dungeon |   2273 |   2245 |     28 |    720 |   1263 |   2 | 1136.5 |
               +--------+--------+--------+--------+--------+-----+--------+

Top non-repeatable levels by time:
     D:1: 1199 daAuts
     D:2: 1074 daAuts
